 Dungeon Crawl Stone Soup version 0.29.1-15-g9cfb28693d (webtiles) character file.

Game seed: 17719708900500661932

1 McKennaii the Caller (level 1, 0/14 HPs)
             Began as a Demigod Summoner on Feb 23, 2023.
             Slain by an endoplasm (1 damage)
             ... on level 1 of the Dungeon.
             The game lasted 00:00:10 (76 turns).

McKennaii the Caller (Demigod Summoner)               Turns: 76, Time: 00:00:11

Health: 0/14       AC:  2    Str:  9    XL:     1   Next: 13%
Magic:  4/5        EV: 12    Int: 17    God:
Gold:   0          SH:  0    Dex: 14    Spells: 2/3 levels left

rFire   . . .      SeeInvis .   (no weapon)
rCold   . . .      Faith    .   (no shield)
rNeg    . . .      Spirit   .   a - +0 robe
rPois   .          Reflect  .   (no helmet)
rElec   .          Harm     .   (no cloak)
rCorr   .          Rampage  .   (no gloves)
Will    .....                   (no boots)
Stlth   ++........              (no amulet)
HPRegen 0.04/turn               (no ring)
MPRegen 0.09/turn               (no ring)

@: no status effects
A: high MP 1, forlorn, divine attributes
a: no special abilities


You were on level 1 of the Dungeon.
You visited 1 branch of the dungeon, and saw 1 of its levels.

Inventory:

Armour
 a - a +0 robe (worn)
Scrolls
 c - a scroll of teleportation {unknown}
 e - a scroll of identify {unknown}
Potions
 b - a potion of magic
 d - a potion of flight {unknown}


   Skills:
 - Level 1.7 Dodging
 - Level 1.7 Stealth
 + Level 1.8 Spellcasting
 + Level 3.6 Summonings


You had 2 spell levels left.
You knew the following spells:

 Your Spells              Type           Power      Damage    Failure   Level
a - Summon Small Mammal   Summ           52%        N/A       4%          1

Your spell library contained the following spells:

 Spells                   Type           Power      Damage    Failure   Level
 Call Imp                 Summ           13%        N/A       7%          2
 Call Canine Familiar     Summ           13%        N/A       13%         3
 Summon Guardian Golem    Hex/Summ       7%         N/A       28%         3
 Summon Lightning Spire   Summ/Air       7%         N/A       67%         4


Dungeon Overview and Level Annotations

Branches:
Dungeon (1/15)


Innate Abilities, Weirdness & Mutations

You have an increased reservoir of magic. (+10% MP)
You shall have no god before yourself.
Your divine heritage dramatically boosts your attributes as you level up.


Message History

d - a yellow potion;
e - a scroll labelled USTRIS UXTING No target in view!
Key pressed, stopping explore.
No target in view!
Your quokka disappears in a puff of smoke!
No target in view!
An endoplasm comes into view.
The endoplasm quivers.
An endoplasm is nearby!
The endoplasm hits you.
An endoplasm is nearby!
You hit the endoplasm but do no damage. The endoplasm completely misses you.
An endoplasm is nearby!
You barely miss the endoplasm.
Your bat disappears in a puff of smoke!
The endoplasm misses you.
You hit the endoplasm.
The endoplasm is moderately wounded.
The endoplasm freezes you.
You are frozen.
You hit the endoplasm but do no damage.
The endoplasm is moderately wounded.
The endoplasm freezes you.
You are frozen.
You hit the endoplasm but do no damage.
The endoplasm is moderately wounded.
The endoplasm freezes you.
You are frozen.
* * * LOW HITPOINT WARNING * * *
An endoplasm is nearby!
You are too injured to fight recklessly!
An endoplasm is nearby!
You are too injured to fight recklessly!
Casting: Summon Small Mammal (safe; 4% risk of failure)
Confirm with . or Enter, or press ? or * to list all spells.
The endoplasm freezes you.
You are frozen.
* * * LOW HITPOINT WARNING * * *
The endoplasm attacks as you move away! The endoplasm hits you.
You die...

#.###.≈≈≈.≈≈≈.≈≈≈.≈
#.###.≈.≈..<≈.≈...≈
#.....≈.≈≈≈≈≈.≈≈≈≈≈
##.##..............
#.#########.######
#.# .# #.# .# #.#
.# #@# .. #J#
#......b.....#
#.####.#####.# #.#
#.# #.# #.# #..


You could see an endoplasm (ally target) and a friendly bat (summoned).

Vanquished Creatures (collateral kills)
  A bat (D:1)
1 creature vanquished.

Notes
Turn   | Place    | Note
-------+----------+-------------------------------------------
     0 | D:1      | McKennaii the Demigod Summoner began the quest for the Orb.
     0 | D:1      | Reached XP level 1. HP: 14/14 MP: 5/5
    76 | D:1      | Slain by an endoplasm

Illustrated notes

Levels and vault maps discovered:
D:1:      evilmike_arrival_hilbert_curve, layout_loops_ring,
          hellmonk_ecumenical_altar_heavens_door, minmay_strange_pillars

Action                   || total
-------------------------++-------
Melee: Unarmed           ||     8
 Cast: Summon Small Mamm ||     3
Armor: Robe              ||     2
Dodge: Dodged            ||     7
